AoeStats
← eyupfc

Arabia

509619229Analyzed
1v1 RM · 5d ago on Sep 27, 2026· 38m 57s· 2 players
Game mode
Random Map
Map size
Tiny (2 player)
Population
200
Speed
Normal
Resources
Standard
Victory
Conquest
Starting age
Dark Age
Ending age
Imperial Age
RankedLock teamsTeams togetherTeam positionsShared explorationLock speedFull tech treeHidden civsTurbo modeCheats
Victory
Defeat
🇩🇪 Danes · Germany
1271
+16
🇹🇷 Varangians · Türkiye
1265
-16
eyupfc
6:26 Loom
9:10 Feudal Age
9:19 Man-at-Arms
19:06 Double-Bit Axe
19:03 Horse Collar
19:14 Gold Mining
19:31 Scale Barding Armor
19:37 Forging
22:31 Castle Age
23:26 Husbandry
23:37 Bloodlines
24:26 Chain Barding Armor
26:59 Scale Mail Armor
28:41 Squires
Ente
6:43 Loom
9:05 Feudal Age
9:55 Double-Bit Axe
13:11 Horse Collar
21:04 Castle Age
19:49 Stone Mining
20:22 Scale Mail Armor
20:46 Gold Mining
21:45 Squires
22:03 Bow Saw
22:52 Heavy Plow
24:02 Forging
27:10 Arson
30:32 Hamask
32:00 Chain Mail Armor
32:56 Iron Casting
36:37 Imperial Age
35:37 Wheelbarrow
38:14 Conscription
Connection lost

Rejoining the realm…

Still unreachable

The connection could not be restored.

Session expired

The server has moved on; the page needs a fresh start.